 Dungeon Crawl Stone Soup version 0.23.2-11-gf996548c65 (webtiles) character file.

Game seed: 1946434188146247049

328 Jolcsuper the Covered (level 6, -3/52 HPs)
             Began as a Minotaur Fighter on June 6, 2019.
             Was a Follower of Qazlal.
             Slain by an orc priest
             ... wielding a +0 trident of venom
              (5 damage)
             ... on level 5 of the Dungeon.
             The game lasted 00:38:04 (4598 turns).

Jolcsuper the Covered (Minotaur Fighter)            Turns: 4598, Time: 00:38:06

Health: -3/52      AC: 10    Str: 20 (22) XL:     6   Next: 25%
Magic:  5/5        EV:  6    Int:  4 (5)  God:    Qazlal [*.....]
Gold:   177        SH: 11    Dex:  8 (10) Spells: 5/5 levels left

rFire    . . .     SeeInvis +   z - +0 falchion (slice)
rCold    . . .     Gourm    .   c - +0 shield
rNeg     . . .     Faith    .   w - +0 chain mail
rPois    .         Spirit   .   (helmet restricted)
rElec    .         Reflect  .   (no cloak)
rCorr    .         Harm     .   (no gloves)
MR       .....                  (no boots)
Stlth    ..........             x - amulet of rage
HPRegen  0.17/turn              e - ring of see invisible
MPRegen  0.09/turn              n - ring of wizardry

@: lethally poisoned (-3 -> -24)
A: retaliatory headbutt, horns 2
a: Renounce Religion, Evoke Berserk Rage


You were on level 5 of the Dungeon.
You worshipped Qazlal.
Qazlal was aware of your devotion.
You were not hungry.

You visited 1 branch of the dungeon, and saw 5 of its levels.

You collected 177 gold pieces.

Inventory:

Hand Weapons
 a - a +0 war axe
 k - a +0 short sword
 m - a +0 hand axe
 s - a +0 whip
 t - a +0 mace
 v - a +0 hunting sling
 z - a +0 falchion of slicing (weapon)
Missiles
 l - 27 poisoned needles (quivered)
Armour
 b - a +0 scale mail
 c - a +0 shield (worn)
 g - a +0 ring mail
 j - a +0 ring mail
 o - a +0 robe
 q - a cursed +0 scale mail
 u - a +0 scale mail
 w - a +0 chain mail (worn)
Jewellery
 e - a ring of see invisible (left hand)
 n - a ring of wizardry (right hand)
 p - an uncursed ring of stealth
 x - an amulet of rage (around neck)
Wands
 y - a wand of polymorph (4)
Scrolls
 d - 2 scrolls of amnesia
 h - 4 scrolls of enchant weapon
 i - 2 scrolls of fog
 r - 3 scrolls of identify
 A - a scroll of immolation
 C - a scroll of teleportation
Comestibles
 f - 8 rations


   Skills:
 + Level 4.2 Fighting
 + Level 0.7 Long Blades
 + Level 4.1 Axes
 + Level 6.2 Armour
 + Level 1.2 Dodging
 + Level 0.5 Stealth
 + Level 4.9 Shields


You had 5 spell levels left.
You didn't know any spells.
Your spell library contained the following spells:

 Spells                   Type           Power        Failure   Level  Hunger
 Magic Dart               Conj           #...         99%         1    ##.....
 Blink                    Tloc           N/A          100%        2    ###....
 Call Imp                 Summ           #.......     100%        2    ###....
 Slow                     Hex            #.......     100%        2    ###....
 Conjure Flame            Conj/Fire      #.......     100%        3    ####...
 Mephitic Cloud           Conj/Pois/Air  #.......     100%        3    ####...


Dungeon Overview and Level Annotations

Branches:
Dungeon (5/15)
 Temple: D:4-7

Altars:
Cheibriados
Elyvilon
Gozag
Makhleb
Okawaru
Qazlal
Trog
Yredelemnul
Zin


Innate Abilities, Weirdness & Mutations

You reflexively headbutt those who attack you in melee.
You have a pair of horns on your head.


Message History

Aim: an orc priest, wielding a +0 trident of venom You toss away a poisoned needle.
The poisoned needle hits the orc priest.
You feel yourself speed up.
* * * LOW HITPOINT WARNING * * *
You feel very sick.
The orc priest looks satisfied for a moment.
The orc priest mumbles some strange prayers to Beogh against you.
You barely resist.
The orc priest hits you but does no damage.
You are more poisoned.
* * * LOW HITPOINT WARNING * * *
You feel sick.
You barely miss the orc priest. You headbutt the orc priest.
The orc priest is moderately wounded.
* * * LOW HITPOINT WARNING * * *
You feel very sick. The orc priest barely misses you.
The orc priest hits you with a +0 trident of venom.
You die...

#.##.........
#.##.<.......
##.##...##.... #.
#§.§##..# #
#..#..§##..######
##..§.§).§.......#
......§§§§§..###...
.##...§§§§§§)# .
##..§§§@o§.#
#(§.§§§<......
###...........
..............
#..##..........
..>. #####.....%
.#. #.... # ....


You could see an orc priest.

Vanquished Creatures
  A scorpion (D:4)
  2 orc wizards
  Natasha (thrice) (D:4)
  A worker ant (D:4)
  4 adders
  A shadow imp (D:4)
  An ooze (D:2)
  2 dart slugs
  4 leopard geckos
  10 orcs
  8 bats
  2 giant cockroaches
  6 goblins
  4 hobgoblins
  4 jackals
  3 kobolds
  A quokka (D:3)
  3 frilled lizards
  A jackal skeleton (D:4)
  A leopard gecko skeleton (D:5)
  3 rats
  A plant (D:1)
  4 withered plants (D:4)
70 creatures vanquished.

Notes
Turn   | Place    | Note
-------+----------+-------------------------------------------
     0 | D:1      | Jolcsuper the Minotaur Fighter began the quest for the Orb.
     0 | D:1      | Reached XP level 1. HP: 19/19 MP: 0/0
   310 | D:1      | Reached XP level 2. HP: 27/27 MP: 1/1
  1423 | D:2      | Reached skill level 4 in Armour
  1485 | D:2      | Found a burning altar of Makhleb.
  1527 | D:2      | Reached XP level 3. HP: 33/33 MP: 2/2
  1598 | D:2      | Found a stormy altar of Qazlal.
  1603 | D:2      | Became a worshipper of Qazlal Stormbringer
  1694 | D:2      | Found an iron altar of Okawaru.
  1748 | D:2      | Found a white marble altar of Elyvilon.
  1981 | D:2      | Found an opulent altar of Gozag.
  1981 | D:2      | Found a glowing silver altar of Zin.
  2582 | D:3      | Reached XP level 4. HP: 40/40 MP: 3/3
  2656 | D:3      | Found a snail-covered altar of Cheibriados.
  3468 | D:4      | Found a basalt altar of Yredelemnul.
  3542 | D:4      | Found a bloodstained altar of Trog.
  3583 | D:4      | Reached skill level 5 in Armour
  3583 | D:4      | Reached skill level 1 in Dodging
  3583 | D:4      | Reached XP level 5. HP: 34/46 MP: 4/4
  3607 | D:4      | Reached * piety under Qazlal
  3726 | D:4      | Noticed Natasha
  3744 | D:4      | Killed Natasha
  3772 | D:4      | Noticed Natasha
  3780 | D:4      | Killed Natasha
  3922 | D:4      | Noticed Natasha
  3926 | D:4      | Killed Natasha
  4221 | D:4      | Reached skill level 6 in Armour
  4221 | D:4      | Reached XP level 6. HP: 52/52 MP: 5/5
  4565 | D:5      | Entered Level 5 of the Dungeon
  4598 | D:5      | HP: 2/52 [poisoned by an orc priest]
  4598 | D:5      | Slain by an orc priest

Skill      XL: |  1  2  3  4  5 |
---------------+----------------+-----
Shields        | 4 |  4.9
Armour         | 4 5 6 |  6.2
Fighting       | 4 |  4.2
Axes           | 3 4 |  4.1
Dodging        | 1 |  1.2
Long Blades    | |  0.7
Stealth        | |  0.5

Action                   |  1- 3 |  4- 6 || total
-------------------------+-------+-------++-------
Melee: War axe           |    84 |    69 ||   153
       Headbutt          |    13 |    28 ||    41
       Falchion          |       |    36 ||    36
  Use: Scroll            |     4 |     5 ||     9
       Potion            |     3 |     2 ||     5
  Eat: Ration            |     2 |     2 ||     4
Armor: Scale mail        |    30 |       ||    30
       Chain mail        |     4 |    47 ||    51
Dodge: Dodged            |    34 |    26 ||    60
Block: Shield            |    49 |    50 ||    99
       Rpst.: Falchion   |       |     2 ||     2
